 Dungeon Crawl Stone Soup version 0.30-a0-4-ga7cffc901d (webtiles) character file.

Game seed: 14239371362762231553

16 greasedhog the Trooper (level 2, -2/20 HPs)
             Began as a Gargoyle Abyssal Knight on Aug 21, 2022.
             Was a Believer of Lugonu.
             Slain by Jessica
             ... wielding a +9 club
              (7 damage)
             ... on level 2 of the Dungeon.
             The game lasted 00:01:24 (1586 turns).

greasedhog the Trooper (Gargoyle Abyssal Knight)    Turns: 1586, Time: 00:01:25

Health: -2/20      AC: 32    Str: 16    XL:     2   Next: 54%
Magic:  3/3        EV:  0    Int: 24    God:    Lugonu [**....]
Gold:   63         SH:  0    Dex: 10    Spells: 1/1 levels left

rFire   . . .      SeeInvis +    a - +1 mace
rCold   . . .      Faith    .    (no shield)
rNeg    + . .      Spirit   .    b - +14 crystal plate armour of Cloud Cover {Will++ Int+8 SInv}
rPois   ∞          Reflect  .    (no helmet)
rElec   +          Harm     .    (no cloak)
rCorr   .          Rampage  .    (no gloves)
Will    ++...                    (no boots)
Stlth   ..........               (no amulet)
HPRegen 0.06/turn                e - +6 ring of intelligence
MPRegen 0.08/turn                (no ring)

@: no status effects
A: sickness immunity, AC +2, negative energy resistance 1, electricity
resistance, torment resistance 1, petrification resistance
a: Renounce Religion, Depart the Abyss, Bend Space


You were on level 2 of the Dungeon.
You worshipped Lugonu.
Lugonu was pleased with you.
You visited 1 branch of the dungeon, and saw 2 of its levels.
You visited the Abyss 1 time.

You collected 63 gold pieces.

Inventory:

Hand Weapons
 a - a +1 mace (weapon)
Missiles
 g - a throwing net
Armour
 b - the +14 crystal plate armour of Cloud Cover (worn) {Will++ Int+8 SInv}
   (You acquired it on level 1 of the Dungeon)

   Int:       It affects your intelligence (+8).
   SInv:      It lets you see invisible.
   Will:      It greatly increases your willpower.
Jewellery
 e - a +6 ring of intelligence (left hand)
Scrolls
 c - a scroll of noise {unknown}
 d - a scroll of enchant armour
Potions
 f - a potion of mutation {unknown}


   Skills:
 * Level 3.8 Fighting
 * Level 2.5 Maces & Flails
 - Level 2.1 Armour
 - Level 0.7 Dodging
 - Level 2.0 Invocations


You had one spell level left.
You didn't know any spells.
Your spell library was empty.

Dungeon Overview and Level Annotations

Branches:
Dungeon (2/15)

Altars:

Annotations:
D:2 Jessica


Innate Abilities, Weirdness & Mutations

You are immune to sickness and miasma.
Your stone body is resilient. (AC +2)
You are immune to poison.
You resist negative energy. (rN+)
You are resistant to electric shocks. (rElec)
You are resistant to unholy torment.
You are immune to petrification.


Message History

No target in view!
HP restored.
You see here a jackal corpse.
Found a robe.
Found a plate armour.
Found a ring mail.
No target in view!
No target in view!
No target in view!
No target in view!
No target in view!
No target in view!
No target in view!
Jessica the Apprentice Sorceress comes into view.
She is wielding a +9 club.
Found a scroll labelled JASABAK EJAHI and a falchion.
Jessica shouts!
Jessica moves out of view.
Jessica hits you but does no damage.
You barely miss Jessica. Jessica hits you with a +9 club!
You hit Jessica.
Jessica is lightly wounded.
Jessica hits you with a +9 club!
* * * LOW HITPOINT WARNING * * *
You are too injured to fight recklessly!
You are too injured to fight recklessly!
You are too injured to fight recklessly!
You are too injured to fight recklessly!
You are too injured to fight recklessly!
You are too injured to fight recklessly!
You are too injured to fight recklessly!
You are too injured to fight recklessly!
You are too injured to fight recklessly!
You are too injured to fight recklessly!
You are too injured to fight recklessly!
You are too injured to fight recklessly!
You are too injured to fight recklessly!
You closely miss Jessica.
Jessica is lightly wounded.
Jessica hits you with a +9 club!
You die...

###.#
##...#########..
#.
................
..
#.###########..#
##. ..# #..# #?.
.## ##..##.. ##
######...#.. #
#.......[#@#
###.##@#
##......#
#..##.### ####.
#.###.# .....
#.# #.# ..<##
#.# ..# ...#
###.# .## ..##
#...#.# ..#
#.###.


You could see Jessica.

Vanquished Creatures
  A goblin (D:2)
  4 hobgoblins
  2 jackals (D:2)
  2 kobolds (D:1)
  A quokka (D:1)
  A ball python (D:1)
  A bat (D:1)
  A frilled lizard (D:1)
  A rat (D:2)
14 creatures vanquished.

Notes
Turn   | Place    | Note
-------+----------+-------------------------------------------
     0 | Abyss:1  | greasedhog the Gargoyle Abyssal Knight began the quest for
                  | the Orb.
     0 | Abyss:1  | Reached XP level 1. HP: 14/14 MP: 2/2
     1 | D:1      | Escaped the Abyss
   131 | D:1      | Found a faded altar of an unknown god.
   580 | D:1      | Reached XP level 2. HP: 19/19 MP: 3/3
  1146 | D:1      | Identified a scroll of acquirement
  1159 | D:1      | Acquired the +14 crystal plate armour of Cloud Cover
                  | {Will++ Int+8 SInv}
  1581 | D:2      | Noticed Jessica
  1586 | D:2      | Slain by Jessica

Illustrated notes

Levels and vault maps discovered:
D:1:      wander_arrival_fairy_ring, layout_basic,
          hellmonk_ecumenical_altar_blasted, serial_rivers,
          chequers_serial_rivers_large_a, chequers_serial_rivers_micro_b,
          chequers_serial_rivers_large_b, chequers_serial_rivers_small_3,
          minmay_misc_feat_iff
D:2:      layout_rooms, uniq_jessica

Action                   || total
-------------------------++-------
Melee: Mace              ||    44
  Use: Scroll            ||     4
Armor: Leather armour    ||     9
       Chain mail        ||     2
       Crystal plate arm ||    16
       Plate armour      ||     2
Dodge: Dodged            ||    15

Table legend: (Time is in decaauts)
 A = Elapsed time spent in this place.
 B = Non-inter-level travel time spent in this place.
 C = Inter-level travel time spent in this place.
 D = Time resting spent in this place.
 E = Time spent auto-exploring this place.
 F = Levels seen in this place.
 G = Mean time per level.
                   A        B        C        D        E       F      G
               +--------+--------+--------+--------+--------+-----+--------+
         Total |   1641 |   1556 |     85 |    302 |   1082 |   3 |  547.0 |
       Dungeon |   1640 |   1555 |     85 |    302 |   1082 |   2 |  820.0 |
         Abyss |      1 |      1 |      0 |      0 |      0 |   1 |    1.0 |
               +--------+--------+--------+--------+--------+-----+--------+

Top non-repeatable levels by time:
     D:1: 1485 daAuts
     D:2: 155 daAuts
 Abyss:1: 1 daAuts
